 Dungeon Sprint DCSS version 0.21-a0-352-g5b8f553 (webtiles) character file.

112 Kidiri the Skirmisher (level 4, -5/67 HPs)
             Began as a Draconian Berserker on Oct 10, 2017.
             Was an Elder of Trog.
             Slain by a sixfirhy (7 damage)
             ... summoned by a kobold demonologist
             ... in the Dungeon (Sprint III: "The Ten Rune Challenge").
             The game lasted 00:02:18 (254 turns).

Kidiri the Skirmisher (Draconian Berserker)          Turns: 254, Time: 00:02:19

Health: -5/67      AC:  5    Str: 26    XL:     4   Next: 64%
Magic:  4/4        EV: 14    Int:  7    God:    Trog [****..]
Gold:   37         SH:  0    Dex: 10    Spells: 3/3 levels left

rFire    . . .     SeeInvis .   a - +0 mace
rCold    . . .     Gourm    .   (no shield)
rNeg     . . .     Faith    .   (armour unavailable)
rPois    .         Spirit   .   (helmet restricted)
rElec    .         Reflect  .   (no cloak)
rCorr    .         Harm     .   (no gloves)
MR       .....     NoTele   +   (no boots)
Stlth    ..........             (no amulet)
HPRegen  0.21/turn              (no ring)
MPRegen  0.09/turn              (no ring)

@: berserking, lethally poisoned (-5 -> -14), very quick
A: unfitting armour, talons 1, blurry vision 1, cold-blooded, AC +5
a: Berserk, Trog's Hand, Brothers in Arms, Burn Spellbooks, Renounce Religion


You were in the Dungeon.
You worshipped Trog.
Trog was greatly pleased with you.
You were hungry.

You visited 1 branch You collected 37 gold pieces.

Inventory:

Hand Weapons
 a - a +0 mace (weapon)
Scrolls
 h - a scroll of blinking
 j - a scroll of remove curse
 l - a scroll of holy word {unknown}
 o - a scroll of immolation {unknown}
Potions
 c - 2 potions of curing
 d - 2 potions of brilliance
 e - a potion of haste
 f - 2 potions of magic
 g - a potion of berserk rage
 r - a potion of flight
Comestibles
 b - a bread ration
 i - 3 chunks of flesh
 n - a meat ration
 q - a royal jelly


   Skills:
 * Level 6.3 Fighting
 * Level 5.7 Maces & Flails
 + Level 3.0 Throwing
 * Level 5.2 Dodging


You had 3 spell levels left.
You didn't know any spells.

Dungeon Overview and Level Annotations

Branches:
Dungeon (1/1)

Altars:
Kikubaaqudgha
Sif Muna
Vehumet


Innate Abilities, Weirdness & Mutations

Your plain brown scales are hard. (AC +5)
You cannot fit into any form of body armour.
You are cold-blooded and may be slowed by cold attacks.
You have sharp toenails.
Scrolls take you a little longer to read.


Message History

You hit the sixfirhy. You claw the sixfirhy!
Your tail-slap misses the sixfirhy.
The sixfirhy is moderately wounded.
You feel sick. The sixfirhy misses you. The sixfirhy hits you!
The sixfirhy shocks you! The sixfirhy hits you!
* * * LOW HITPOINT WARNING * * *
The sixfirhy shocks you!
* * * LOW HITPOINT WARNING * * *
You miss the sixfirhy. Your kick misses the sixfirhy.
The sixfirhy is moderately wounded.
* * * LOW HITPOINT WARNING * * *
You feel sick.
The sixfirhy hits you but does no damage. x2
The sixfirhy barely misses you.
Unknown command.
You thump the sixfirhy! Your kick misses the sixfirhy.
The sixfirhy is severely wounded.
* * * LOW HITPOINT WARNING * * *
You feel sick. The sixfirhy hits you!
You die...

.#...#### ##.#
.#......#####..#
##.....).#..#..#
.##.##...#..#..###+#+###
.##.###..##+#..#........
####.##..###...'.⌠......
##..##..####...#...#####
....##..###....#.⌠.#
#..##...##.....#@..#
..##....#......#3###
.###..##.#.....#p§ .#
#.. ####....#K__ ▓▓ ▓▓▓
▓▓▓▓▓▓▓▓▓▓


You could see a wizard, a kobold demonologist and a sixfirhy.

Vanquished Creatures
  A water elemental (D)
  Jessica (D)
  A human (D)
  An ooze (D)
  A phantom (D)
  2 rats (D)
7 creatures vanquished.

Vanquished Creatures (others)
  2 draconian scorchers (D)
  6 hellions (D)
  A yaktaur (D)
9 creatures vanquished.

Grand Total: 16 creatures vanquished

Notes
Turn   | Place    | Note
-------+----------+-------------------------------------------
     0 | D        | Kidiri the Draconian Berserker began the quest for the Orb.
     0 | D        | Reached XP level 1. HP: 19/19 MP: 1/1
    42 | D        | Killed a yaktaur
    55 | D        | Reached ** piety under Trog
    65 | D        | Noticed Jessica
    72 | D        | Killed Jessica
    72 | D        | Reached skill level 4 in Fighting
    72 | D        | Reached skill level 1 in Throwing
    72 | D        | Reached XP level 2. HP: 28/28 MP: 2/2
    72 | D        | Reached XP level 3. HP: 35/35 MP: 3/3
    89 | D        | Killed a hellion
   104 | D        | Killed a hellion
   105 | D        | Killed a hellion
   106 | D        | Killed a hellion
   106 | D        | Killed a hellion
   135 | D        | Killed a hellion
   141 | D        | Reached skill level 5 in Fighting
   144 | D        | Reached *** piety under Trog
   152 | D        | Killed a white draconian scorcher
   164 | D        | Gained mutation: You have an increased reservoir of magic. (+10% MP) [potion of mutation]
   164 | D        | Gained mutation: Your spells are a little easier to cast, but a little less powerful. [potion of mutation]
   164 | D        | Gained mutation: Your tail ends in a poisonous barb. [potion of mutation]
   166 | D        | Lost mutation: Your spells are a little easier to cast, but a little less powerful. [potion of mutation]
   166 | D        | Lost mutation: Your tail ends in a poisonous barb. [potion of mutation]
   166 | D        | Gained mutation: You are resistant to hostile enchantments. (MR+) [potion of mutation]
   166 | D        | Gained mutation: Your flesh is heat resistant. (rF+) [potion of mutation]
   167 | D        | Lost mutation: You have an increased reservoir of magic. (+10% MP) [potion of mutation]
   167 | D        | Lost mutation: You are resistant to hostile enchantments. (MR+) [potion of mutation]
   167 | D        | Lost mutation: Your flesh is heat resistant. (rF+) [potion of mutation]
   167 | D        | Gained mutation: Scrolls take you a little longer to read. [potion of mutation]
   167 | D        | Gained mutation: You have sharp toenails. [potion of mutation]
   193 | D        | Killed a white draconian scorcher
   194 | D        | Noticed a water elemental
   197 | D        | Killed a water elemental
   197 | D        | Reached skill level 6 in Fighting
   197 | D        | Reached skill level 5 in Maces & Flails
   197 | D        | Reached skill level 5 in Dodging
   197 | D        | Reached XP level 4. HP: 45/45 MP: 4/4
   246 | D        | Found a radiant altar of Vehumet.
   246 | D        | Found a deep blue altar of Sif Muna.
   246 | D        | Found an ancient bone altar of Kikubaaqudgha.
   246 | D        | Noticed a wizard
   248 | D        | Reached **** piety under Trog
   249 | D        | Noticed a sixfirhy
   253 | D        | HP: 3/67 [poisoned by a wizard]
   254 | D        | Slain by a sixfirhy

Vault maps used:
D:        dungeon_sprint_mu

Skill      XL: |  1  2  3 |
---------------+----------+-----
Dodging        | 4 5 |  5.2
Fighting       | 4 6 |  6.3
Maces & Flails | 4 5 |  5.7
Throwing       | 1 3 |  3.0

Action                   |  1- 3 |  4- 6 || total
-------------------------+-------+-------++-------
Melee: Mace              |    30 |     6 ||    36
       Tailslap          |     4 |       ||     4
       Kick              |     2 |     1 ||     3
Invok: Berserk           |     3 |     1 ||     4
       Burn Spellbooks   |       |     1 ||     1
  Use: Potion            |     4 |       ||     4
       Scroll            |     6 |       ||     6
 Stab: Sleeping          |     1 |       ||     1
  Eat: Chunk             |       |     1 ||     1
Armor: Skin              |     6 |     3 ||     9
Dodge: Dodged            |    13 |     2 ||    15

Table legend:
 A = Spawn XP
 B = Non-spawn XP
 C = Spawn XP percentage of total XP
 D = Spawn monster count
 E = Non-spawn monster count
 F = Spawn count percentage of total count
 G = Total turns spent on level
                    A         B        C        D         E        F      G
               +---------+---------+-------+---------+---------+-------+---------
         Total |       0 |     161 |   0.0 |       0 |       7 |   0.0 |   254
               +---------+---------+-------+---------+---------+-------+---------
             D |       0 |     161 |   0.0 |       0 |       7 |   0.0 |   254
               +---------+---------+-------+---------+---------+-------+---------
